 Dungeon Sprint DCSS version 0.21-a0-91-ga5031da (webtiles) character file.

1054 Kidiri the Covert (level 8, -6/40 HPs)
             Began as a Spriggan Enchanter on June 28, 2017.
             Was a Priest of Dithmenos.
             Mangled by a killer bee (9 damage)
             ... in the Dungeon (Sprint IV: "Fedhas' Mad Dash").
             The game lasted 00:04:53 (3112 turns).

Kidiri the Covert (Spriggan Enchanter)              Turns: 3112, Time: 00:04:54

Health: -6/40      AC:  2    Str:  4    XL:     8   Next: 5%
Magic:  8/18       EV: 25    Int: 20    God:    Dithmenos [***...]
Gold:   115        SH:  8    Dex: 18    Spells: 7/19 levels left

rFire    . . .     SeeInvis +   n - +3 long sword of the Vanishing Suns {slice, rElec Int+3}
rCold    . . .     Gourm    .   d - +2 buckler
rNeg     . . .     Faith    .   b - +0 robe
rPois    .         Spirit   .   (helmet restricted)
rElec    +         Reflect  .   (no cloak)
rCorr    .         Harm     .   (gloves unavailable)
MR       +....     NoTele   +   (boots unavailable)
Stlth    +++++++...             k - amulet of invisibility {+Inv}
HPRegen  0.13/turn              (no ring)
MPRegen  0.16/turn              (no ring)

@: lethally poisoned (-6 -> -11), very slightly contaminated, wreathed by umbra,
invisible (expiring), very quick
A: unfitting armour, see invisible, herbivore 3, speed 3, slow metabolism 2
a: Shadow Step, Renounce Religion


You were in the Dungeon.
You worshipped Dithmenos.
Dithmenos was most pleased with you.
You were not hungry.

You visited 1 branch You collected 115 gold pieces.

Inventory:

Hand Weapons
 a - a +1 dagger
 m - a +0 rapier
 n - the +3 long sword of the Vanishing Suns (weapon) {slice, rElec Int+3}
   (You found it in the Dungeon)

   It inflicts extra damage upon your enemies.
   It affects your intelligence (+3).
   It insulates you from electricity.
Armour
 b - a +0 robe (worn)
 d - a +2 buckler (worn)
Jewellery
 k - the amulet of invisibility (around neck) {+Inv}
   (You found it in the Dungeon)

   [amulet of nothing]

   It lets you turn invisible.
Scrolls
 i - 2 scrolls of identify {unknown}
 j - a scroll of blinking
 l - a scroll of magic mapping {unknown}
Potions
 e - a potion of curing
 f - a potion of heal wounds
 g - a potion of haste
 h - 2 potions of magic
Books
 c - a book of Maledictions

   Spells                             Type                      Level
   a - Corona                         Hexes                        1
   b - Ensorcelled Hibernation        Hexes/Ice                    2
   c - Confuse                        Hexes                        3
   d - Tukima's Dance                 Hexes                        3
   e - Dazzling Spray                 Conjuration/Hexes            3


   Skills:
 + Level 3.5 Fighting
 - Level 7.3(7.4) Short Blades
 * Level 0.4(3.4) Long Blades
 + Level 2.1 Armour
 * Level 9.9 Dodging
 * Level 11.2 Stealth
 + Level 2.1 Shields
 + Level 6.3 Spellcasting
 + Level 2.3 Conjurations
 * Level 8.9 Hexes
 + Level 3.5 Ice Magic
 + Level 3.9 Invocations
 + Level 5.4 Evocations


You had 7 spell levels left.
You knew the following spells:

 Your Spells              Type           Power        Failure   Level  Hunger
a - Corona                Hex            #####..      1%          1    None
b - Ensorcelled Hibernat  Hex/Ice        ####..       1%          2    None
c - Confuse               Hex            #####...     1%          3    ##.....
d - Tukima's Dance        Hex            #####...     1%          3    ##.....
e - Dazzling Spray        Conj/Hex       ####..       4%          3    ##.....


Dungeon Overview and Level Annotations

Branches:
Dungeon (1/1)

Altars:
Cheibriados
Dithmenos
Elyvilon
Gozag
Hepliaklqana
Kikubaaqudgha
Makhleb
Nemelex Xobeh
Okawaru
Qazlal
Ru
Sif Muna
Trog
Uskayaw
Vehumet
Wu Jian
Xom
Yredelemnul
Zin
The Shining One
Beogh
Jiyva
Lugonu

Shops:
D !(}*


Innate Abilities, Weirdness & Mutations

You are very small and have problems with some larger weapons.
You are too small for most types of armour.
You have supernaturally acute eyesight. (SInv)
You are a herbivore.
You cover ground extremely quickly.
You need consume almost no food.


Message History

The killer bee completely misses you.
You riposte.
You catch the helpless killer bee completely off-guard!
You slash the killer bee!
You kill the killer bee!
Dithmenos accepts your kill.
You now sometimes bleed smoke when heavily injured by enemies.
You have reached level 8!
The killer bee completely misses you.
You feel sick. The killer bee stings you.
* * * LOW HITPOINT WARNING * * *
The killer bee completely misses you.
You riposte.
You hit the killer bee.
You kill the killer bee!
Dithmenos accepts your kill. The killer bee stings you.
* * * LOW HITPOINT WARNING * * *
You feel better. The killer bee stings you!
* * * LOW HITPOINT WARNING * * *
You are lethally poisoned!
The killer bee poisons you! The killer bee stings you!
You die...

#####################
#<..P#.....#.....#.⌠.
#PP..'.....'.#...+.._
#PPPP#.....#.#...#...
###############'##.._
#..y♣........'...#._.
#%.y†..♣.....#...####
#..y@.♣..♣..######
##+####+#####


You could see a queen bee and 2 killer bees.

Vanquished Creatures
  A burning bush (D)
  2 wandering mushrooms (D)
  2 scorpions (D)
  2 killer bees (D)
  4 oklob saplings (D)
  A worker ant (D)
  2 spriggans (D)
  A river rat (D)
  A rat (D)
16 creatures vanquished.

Notes
Turn   | Place    | Note
-------+----------+-------------------------------------------
     0 | D        | Kidiri the Spriggan Enchanter began the quest for the Orb.
     0 | D        | Reached XP level 1. HP: 9/9 MP: 5/5
    20 | D        | Reached skill level 5 in Stealth
    20 | D        | Reached XP level 2. HP: 14/14 MP: 7/7
   167 | D        | Learned a level 2 spell: Ensorcelled Hibernation
   471 | D        | Noticed an oklob sapling
  2453 | D        | Reached skill level 1 in Fighting
  2453 | D        | Reached skill level 5 in Dodging
  2453 | D        | Reached skill level 6 in Stealth
  2453 | D        | Reached XP level 3. HP: 18/18 MP: 8/8
  2466 | D        | Learned a level 3 spell: Confuse
  2587 | D        | Killed an oklob sapling
  2587 | D        | Reached skill level 5 in Hexes
  2587 | D        | Reached skill level 1 in Ice Magic
  2587 | D        | Reached skill level 1 in Evocations
  2618 | D        | Noticed an oklob sapling
  2621 | D        | Killed an oklob sapling
  2621 | D        | Reached skill level 7 in Stealth
  2621 | D        | Reached XP level 4. HP: 22/22 MP: 7/10
  2706 | D        | Found an opulent altar of Gozag.
  2706 | D        | Found a hazy altar of Hepliaklqana.
  2706 | D        | Found a burning altar of Makhleb.
  2706 | D        | Found a roughly hewn altar of Beogh.
  2706 | D        | Found a sparkling altar of Nemelex Xobeh.
  2706 | D        | Found a snail-covered altar of Cheibriados.
  2706 | D        | Found a sacrificial altar of Ru.
  2706 | D        | Found a deep blue altar of Sif Muna.
  2706 | D        | Found a shimmering altar of Xom.
  2706 | D        | Found a basalt altar of Yredelemnul.
  2707 | D        | Found a viscous altar of Jiyva.
  2707 | D        | Found a bloodstained altar of Trog.
  2707 | D        | Found an ornate altar of the Wu Jian Council.
  2708 | D        | Found an iron altar of Okawaru.
  2708 | D        | Found a shadowy altar of Dithmenos.
  2708 | D        | Found a glowing silver altar of Zin.
  2709 | D        | Found a hide-covered altar of Uskayaw.
  2709 | D        | Found an ancient bone altar of Kikubaaqudgha.
  2710 | D        | Found a stormy altar of Qazlal.
  2710 | D        | Found a glowing golden altar of the Shining One.
  2710 | D        | Found a white marble altar of Elyvilon.
  2711 | D        | Found a radiant altar of Vehumet.
  2711 | D        | Found a corrupted altar of Lugonu.
  2716 | D        | Became a worshipper of Dithmenos the Shadowed
  2719 | D        | Reached skill level 1 in Invocations
  2719 | D        | Reached XP level 5. HP: 26/26 MP: 9/12
  2729 | D        | Reached skill level 8 in Stealth
  2735 | D        | Learned a level 3 spell: Tukima's Dance
  2739 | D        | Learned a level 3 spell: Dazzling Spray
  2822 | D        | Reached * piety under Dithmenos
  2822 | D        | Reached skill level 5 in Short Blades
  2825 | D        | Reached skill level 9 in Stealth
  2825 | D        | Reached XP level 6. HP: 32/32 MP: 10/14
  2851 | D        | Found Vudebb's Antique Weapon Shop.
  2851 | D        | Found Zucwuobe's Distillery.
  2934 | D        | Noticed a burning bush
  2934 | D        | Noticed a wandering mushroom
  2935 | D        | Noticed a wandering mushroom
  2938 | D        | Killed a wandering mushroom
  2938 | D        | Reached ** piety under Dithmenos
  2938 | D        | Reached skill level 1 in Armour
  2938 | D        | Reached skill level 1 in Shields
  2938 | D        | Reached skill level 5 in Spellcasting
  2938 | D        | Reached skill level 1 in Conjurations
  2940 | D        | Killed a wandering mushroom
  2940 | D        | Reached skill level 10 in Stealth
  2940 | D        | Reached XP level 7. HP: 36/36 MP: 12/16
  2942 | D        | Reached skill level 5 in Evocations
  2958 | D        | Killed a burning bush
  2958 | D        | Reached *** piety under Dithmenos
  2958 | D        | Reached skill level 11 in Stealth
  2966 | D        | Found Binnemab's General Store.
  2966 | D        | Found Onaukhluo's Gadget Shoppe.
  2970 | D        | Got a brightly glowing long sword
  2971 | D        | Identified the +3 long sword of the Vanishing Suns {slice, rElec Int+3} (You found it in the Dungeon)
  3095 | D        | Noticed a queen bee
  3110 | D        | Reached XP level 8. HP: 15/40 MP: 8/18
  3112 | D        | Mangled by a killer bee

Vault maps used:
D:        dungeon_sprint_fedhas

Skill      XL: |  1  2  3  4  5  6  7 |
---------------+----------------------+-----
Short Blades   | 2 3 4 5 6 7 |  7.3
Dodging        | 4 5 6 7 9 |  9.9
Stealth        | 5 6 7 9 10 11 | 11.2
Spellcasting   | 3 4 5 6 |  6.3
Hexes          | 4 5 6 7 8 |  8.9
Fighting       | 1 2 3 |  3.5
Ice Magic      | 1 2 3 |  3.5
Evocations     | 1 2 3 4 5 |  5.4
Invocations    | 1 2 3 |  3.9
Armour         | 1 2 |  2.1
Shields        | 1 2 |  2.1
Conjurations   | 2 |  2.3
Long Blades    | |  0.4

Action                   |  1- 3 |  4- 6 |  7- 9 || total
-------------------------+-------+-------+-------++-------
Melee: Dagger            |    27 |     7 |    12 ||    46
       Long sword        |       |       |     6 ||     6
 Cast: Confuse           |     1 |       |     2 ||     3
       Dazzling Spray    |       |       |     2 ||     2
Invok: Shadow Step       |       |       |     1 ||     1
 Abil: Evoke Invisibilit |     1 |     3 |     1 ||     5
  Use: Potion            |     1 |       |     1 ||     2
 Stab: Sleeping          |     2 |     7 |     2 ||    11
       Confused          |       |       |     2 ||     2
       Invisible         |       |       |     2 ||     2
  Eat: Bread ration      |       |     1 |       ||     1
Dodge: Dodged            |    10 |       |    26 ||    36
Block: Buckler           |       |       |    10 ||    10
       Rpst.: Long sword |       |       |     9 ||     9
